 Dungeon Crawl Stone Soup version 0.27.0-1-g7a089689b8 (webtiles) character file.

Game seed: 4319785613985877150

111 tilp the Digger (level 4, 0/26 HPs)
             Began as a Gargoyle Earth Elementalist on Aug 5, 2021.
             Slain by a wyvern zombie (5 damage)
             ... on level 3 of the Dungeon.
             The game lasted 00:04:46 (2441 turns).

tilp the Digger (Gargoyle Earth Elementalist)       Turns: 2441, Time: 00:04:47

Health: 0/26       AC:  5    Str: 12    XL:     4   Next: 92%
Magic:  6/7        EV: 12    Int: 16    God:
Gold:   94         SH:  0    Dex: 10    Spells: 1/7 levels left

rFire    . . .     SeeInvis .   a - +0 short sword (vamp)
rCold    . . .     Faith    .   (no shield)
rNeg     + . .     Spirit   .   b - +0 robe
rPois    ∞         Reflect  .   (no helmet)
rElec    +         Harm     .   (no cloak)
rCorr    .         Rampage  .   (no gloves)
Will     .....                  (no boots)
Stlth    +.........             (no amulet)
HPRegen  0.08/turn              (no ring)
MPRegen  0.10/turn              (no ring)

@: confused, ambrosia-drunk
A: sickness immunity, AC +3, negative energy resistance 1, electricity
resistance, torment resistance 1, petrification resistance
a: no special abilities


You were on level 3 of the Dungeon.
You visited 1 branch of the dungeon, and saw 3 of its levels.

You collected 94 gold pieces.

Inventory:

Hand Weapons
 a - a +0 vampiric short sword (weapon)
Missiles
 c - 86 stones
 e - 18 poisoned darts (quivered)
Armour
 b - a +0 robe (worn)
Scrolls
 d - a scroll of identify
 h - a scroll of acquirement
 k - a scroll of vulnerability {unknown}
Potions
 g - a potion of berserk rage
 i - a potion of cancellation
 j - 2 potions of brilliance


   Skills:
 - Level 2.0 Fighting
 - Level 2.0 Dodging
 - Level 2.1 Stealth
 - Level 2.0 Spellcasting
 + Level 1.4 Conjurations
 - Level 0.7 Transmutations
 + Level 5.4 Earth Magic


You had one spell level left.
You knew the following spells:

 Your Spells              Type           Power      Damage    Failure   Level
a - Sandblast             Erth           38%        2d10      2%          1
b - Passwall              Tmut/Erth      9%         N/A       9%          2
c - Stone Arrow           Conj/Erth      24%        3d8       16%         3

Your spell library contained the following spells:

 Spells                   Type           Power      Damage    Failure   Level
 Summon Small Mammal      Summ           4%         N/A       21%         1
 Petrify                  Tmut/Erth      11%        N/A       50%         4
 Call Canine Familiar     Summ           1%         N/A       52%         3
 Summon Guardian Golem    Hex/Summ       1%         N/A       52%         3


Dungeon Overview and Level Annotations

Branches:
Dungeon (3/15)

Altars:


Innate Abilities, Weirdness & Mutations

You are immune to sickness and miasma.
Your stone body is resilient. (AC +3)
You are immune to poison.
You resist negative energy. (rN+)
You are resistant to electric shocks. (rElec)
You are resistant to unholy torment.
You are immune to petrification.


Message History

The wyvern zombie is heavily damaged.
c - 89 stones The wyvern zombie barely misses you.
Casting: Sandblast (safe; 2% risk of failure)
Confirm with . or Enter, or press ? or * to list all spells.
Aiming: Sandblast (safe; 2% risk of failure)
Press: ? - help, Shift-Dir - straight line, f/p - wyvern zombie
Aim: a wyvern zombie (heavily damaged, 93% to hit)
The blast of sand hits the wyvern zombie!
The wyvern zombie is severely damaged.
c - 88 stones The wyvern zombie bites you.
Casting: Sandblast (safe; 2% risk of failure)
Confirm with . or Enter, or press ? or * to list all spells.
You don't have enough magic to cast this spell.
Unknown command.
Casting: Sandblast (safe; 2% risk of failure)
Confirm with . or Enter, or press ? or * to list all spells.
Aiming: Sandblast (safe; 2% risk of failure)
Press: ? - help, Shift-Dir - straight line, f/p - wyvern zombie
Aim: a wyvern zombie (severely damaged, 93% to hit)
The blast of sand hits the wyvern zombie.
The wyvern zombie is severely damaged.
c - 87 stones The wyvern zombie completely misses you.
The wyvern zombie closely misses you.
Casting: Sandblast (safe; 2% risk of failure)
Confirm with . or Enter, or press ? or * to list all spells.
Aiming: Sandblast (safe; 2% risk of failure)
Press: ? - help, Shift-Dir - straight line, f/p - wyvern zombie
Aim: a wyvern zombie (severely damaged, 93% to hit)
The blast of sand misses the wyvern zombie.
c - 86 stones The wyvern zombie bites you!
* * * LOW HITPOINT WARNING * * *
The wyvern zombie bites you.
* * * LOW HITPOINT WARNING * * *
You are confused.
You feel invigorated. The wyvern zombie bites you.
You die...

#............#
#.
#............#
#<
#............#
#.
#............#
#.
#............#
#.
##...........#
#.
#####'#######
#. #.# #. #@#
#. #Z# #.#
#..............
#............##
#..####.####...
#. #!# .# #+#


You could see a wyvern zombie.

Vanquished Creatures
  Jessica (D:2)
  Ijyb (D:3)
  3 adders (D:2)
  2 dart slugs
  3 endoplasms
  A giant cockroach (D:2)
  A hobgoblin (D:1)
  2 quokkas (D:2)
  5 ball pythons
  A bat (D:1)
  2 frilled lizards
  4 goblins
  6 kobolds
  2 rats (D:1)
34 creatures vanquished.

Notes
Turn   | Place    | Note
-------+----------+-------------------------------------------
     0 | D:1      | tilp the Gargoyle Earth Elementalist began the quest for
                  | the Orb.
     0 | D:1      | Reached XP level 1. HP: 10/10 MP: 3/3
   331 | D:1      | Reached skill level 4 in Earth Magic
   422 | D:1      | Reached XP level 2. HP: 14/16 MP: 0/5
   598 | D:1      | Reached skill level 1 in Fighting
  1112 | D:1      | Learned a level 2 spell: Passwall
  1398 | D:2      | Noticed Jessica
  1405 | D:2      | Killed Jessica
  1406 | D:2      | Reached XP level 3. HP: 21/21 MP: 3/6
  1736 | D:2      | Reached skill level 5 in Earth Magic
  1736 | D:2      | Reached XP level 4. HP: 26/26 MP: 5/7
  1740 | D:2      | Learned a level 3 spell: Stone Arrow
  2233 | D:2      | Identified a scroll of acquirement
  2280 | D:3      | Noticed Ijyb
  2321 | D:3      | Killed Ijyb
  2322 | D:3      | Reached skill level 1 in Conjurations
  2441 | D:3      | Slain by a wyvern zombie

Illustrated notes

Levels and vault maps discovered:
D:1:      heliophobic_arrival_dark_side_of_the_moon, layout_basic,
          minmay_tromino_v4_c
D:2:      layout_loops_ring, uniq_jessica
D:3:      layout_basic, grunt_temple_overflow_cloverleaf, amcnicky_altar_gilded,
          lemuel_crystal_altar, minmay_stone_trees_small, uniq_ijyb

Skill      XL: |  1  2  3  4 |
---------------+-------------+-----
Earth Magic    | 4 5 |  5.4
Fighting       | 2 |  2.0
Dodging        | 2 |  2.0
Conjurations   | 1 |  1.4
Stealth        | |  2.1
Spellcasting   | |  2.0
Transmutations | |  0.7

Action                   |  1- 3 |  4- 6 || total
-------------------------+-------+-------++-------
Melee: Club              |    22 |       ||    22
       Short sword       |    52 |    53 ||   105
Throw: Dart              |     5 |       ||     5
 Cast: Sandblast         |    15 |    17 ||    32
  Use: Scroll            |     2 |     4 ||     6
       Potion            |       |     1 ||     1
 Stab: Sleeping          |     1 |     3 ||     4
Armor: Robe              |    17 |    13 ||    30
Dodge: Dodged            |    41 |    55 ||    96
